 Dungeon Crawl Stone Soup version 0.19-a0-1875-g4fea3da (webtiles) character file.

109 Lochraine the Digger (level 4, -1/24 HPs)
             Began as a Deep Elf Earth Elementalist on Oct 13, 2016.
             Slain by an iguana (12 damage)
             ... on level 4 of the Dungeon.
             The game lasted 00:11:55 (3065 turns).

Lochraine the Digger (Deep Elf Earth Elementalist)  Turns: 3065, Time: 00:12:09

Health: -1/24      AC:  5    Str:  5    XL:     4   Next: 59%
Magic:  10/10      EV: 13    Int: 21    God:
Gold:   78         SH:  0    Dex: 15    Spells: 4 memorised, 1 level left

rFire  . . .     SeeInvis .     a - +1 club (curse)
rCold  . . .     Gourm    .     c - +0 robe
rNeg   . . .     Faith    .     (no shield)
rPois  .         Spirit   .     w - +0 helmet
rElec  .         Dismiss  .     h - +0 cloak
rCorr  .         Reflect  .     (no gloves)
MR     .....     Harm     .     D - +0 pair of boots
Stlth  ++........               (no amulet)
                                (no ring)
                                (no ring)

@: no status effects
A: no striking features
a: no special abilities


You were on level 4 of the Dungeon.
You were not hungry.

You visited 1 branch of the dungeon, and saw 4 of its levels.

You collected 78 gold pieces.

Inventory:

Hand Weapons
 a - a cursed +1 club (weapon)
 f - a +0 short sword
 l - a +0 mace
 C - a +0 vampiric hand axe
Missiles
 b - 96 stones (quivered)
Armour
 c - a +0 robe (worn)
 h - a +0 cloak (worn)
 k - a +0 ring mail
 p - a +0 leather armour
 w - a +0 helmet (worn)
 D - a +0 pair of boots (worn)
Jewellery
 t - an uncursed amulet of faith
Scrolls
 j - a scroll of noise {unknown}
 n - a scroll of blinking {unknown}
 q - 2 scrolls of identify
 u - a scroll of fog {unknown}
 v - a scroll of remove curse {unknown}
 y - a scroll of enchant weapon
 A - a scroll of fear {unknown}
Potions
 g - a potion of resistance {unknown}
 i - a potion of cancellation {unknown}
 m - 2 potions of invisibility {unknown}
 s - 2 potions of degeneration {unknown}
 z - a potion of heal wounds {unknown}
Books
 e - a book of Geomancy

   Spells                             Type                      Level
   a - Sandblast                      Earth                        1
   b - Passwall                       Transmutation/Earth          2
   c - Stone Arrow                    Conjuration/Earth            3
   d - Petrify                        Transmutation/Earth          4
   e - Lee's Rapid Deconstruction     Earth                        5
 B - a book of Minor Magic

   Spells                             Type                      Level
   a - Magic Dart                     Conjuration                  1
   b - Blink                          Translocation                2
   c - Call Imp                       Summoning                    2
   d - Repel Missiles                 Charms/Air                   2
   e - Slow                           Hexes                        2
   f - Conjure Flame                  Conjuration/Fire             3
   g - Mephitic Cloud                 Conjuration/Poison/Air       3
Comestibles
 d - a bread ration
 o - 3 meat rations
 r - a beef jerky
 x - 3 chunks of flesh


   Skills:
 - Level 2.4 Dodging
 - Level 2.4 Stealth
 - Level 3.0 Spellcasting
 + Level 2.4 Conjurations
 + Level 1.2 Translocations
 - Level 1.1 Transmutations
 - Level 5.0 Earth Magic


You had one spell level left.
You knew the following spells:

 Your Spells              Type           Power        Failure   Level  Hunger
a - Sandblast             Erth           ###...       1%          1    None
b - Passwall              Tmut/Erth      ###.......   8%          2    ##.....
c - Stone Arrow           Conj/Erth      ###...       12%         3    ###....
d - Blink                 Tloc           N/A          14%         2    ##.....


Dungeon Overview and Level Annotations

Branches:
Dungeon (4/15)
 Temple: D:4-7

Altars:
Hepliaklqana
Makhleb
Okawaru


Message History

An iguana comes into view.
There is an escape hatch in the ceiling here.
The iguana hisses angrily.
The iguana misses you.
You hit the iguana.
The iguana is lightly wounded.
The iguana bites you but does no damage.
You closely miss the iguana.
The iguana is lightly wounded.
The iguana bites you but does no damage.
You hit the iguana.
The iguana is lightly wounded.
The iguana barely misses you.
You hit the iguana.
The iguana is moderately wounded.
The iguana bites you!
Ouch! That really hurt!
The iguana bites you!
Ouch! That really hurt!
You die...

########.#
#.# ##.#
#).#
###.#######
#.<........
#.#.#######
#.#.# #@#.#
......l.#.#
#########.#
#.# #.# #.#
... ...


You could see an iguana.

Vanquished Creatures
  An orc priest (D:3)
  2 adders (D:3)
  A worm (D:2)
  3 dart slugs
  3 orcs (D:3)
  4 giant cockroaches
  7 goblins
  6 hobgoblins
  7 kobolds
  2 quokkas (D:2)
  4 bats
  A frilled lizard (D:3)
  9 rats
50 creatures vanquished.

Notes
Turn   | Place    | Note
-------+----------+-------------------------------------------
     0 | D:1      | Lochraine the Deep Elf Earth Elementalist began the quest for the Orb.
     0 | D:1      | Reached XP level 1. HP: 10/10 MP: 6/6
   453 | D:1      | Reached XP level 2. HP: 15/15 MP: 8/8
   493 | D:1      | Reached skill level 4 in Earth Magic
   522 | D:1      | Learned a level 2 spell: Passwall
  1436 | D:2      | Reached XP level 3. HP: 17/19 MP: 2/9
  1495 | D:2      | Found a hazy altar of Hepliaklqana.
  1667 | D:2      | Found an iron altar of Okawaru.
  1798 | D:2      | Learned a level 3 spell: Stone Arrow
  2115 | D:3      | Found a burning altar of Makhleb.
  2131 | D:3      | Reached skill level 5 in Earth Magic
  2361 | D:3      | Reached skill level 1 in Conjurations
  2453 | D:3      | Reached XP level 4. HP: 17/24 MP: 3/10
  2726 | D:3      | Learned a level 2 spell: Blink
  2792 | D:3      | Reached skill level 1 in Translocations
  3065 | D:4      | Slain by an iguana

Vault maps used:
D:1:      dpeg_arrival_radiant
D:2:      nicolae_overflow_crystal_walls, okawaru_trees_2
D:3:      bloody_makhleb
D:4:      lemuel_doored_altar, old_standard_altar, serial_shops, shop,
          shop_fountains, enter_ossuary_5, uniq_grinder

Skill      XL: |  1  2  3  4 |
---------------+-------------+-----
Earth Magic    | 4 5 |  5.0
Conjurations   | 1 2 |  2.4
Translocations | 1 |  1.2
Dodging        | |  2.4
Stealth        | |  2.4
Spellcasting   | |  3.0
Transmutations | |  1.1

Action                   |  1- 3 |  4- 6 || total
-------------------------+-------+-------++-------
Melee: Club              |   123 |    36 ||   159
       Unarmed           |     1 |       ||     1
 Cast: Sandblast         |    43 |    10 ||    53
       Stone Arrow       |       |     2 ||     2
  Use: Scroll            |     2 |       ||     2
 Stab: Sleeping          |     5 |       ||     5
  Eat: Chunk             |     5 |     2 ||     7
Armor: Robe              |    23 |     8 ||    31
       Leather armour    |    27 |     5 ||    32
Dodge: Dodged            |   116 |    21 ||   137
